HSSL
BISHOP AMAT HS @ DUBLIN JEROME HS CELTICS
04/25/2026
 
TOP OF THE 1ST
Bishop Amat HS batting - Pitching for Dublin Jerome HS Celtics : RHP Kelly Woodside
Pitching: RHP Kelly Woodside
Batting: RHB Lou Perry 0-0: Foul Ball, location: 2F
0-1: Ball
1-1: Foul Ball, location: 2F
1-2: Ball
2-2: Ground out 6-3 (Groundball, 6)
Batting: RHB Ben Martin 0-0: Ground out 4-3 (Groundball, 4)
Batting: LHB Mathew Clayton 0-0: Ball
1-0: Ball
2-0: Foul Ball, location: 2F
2-1: Ball
3-1: Base on Balls
Batting: RHB Edison Knight 0-0: Foul Ball, location: 2F
0-1: Ball
1-1: Ball
2-1: Ball
3-1: Swinging Strike
3-2: Base on Balls
Mathew Clayton to second
Batting: RHB Jim Norris 0-0: Ball
1-0: Ball
2-0: Ball
3-0: Called Strike
3-1: Base on Balls
Mathew Clayton to third
Edison Knight to second
Batting: RHB Steve Bañuelos 0-0: Ball
1-0: Ball
2-0: Ball
3-0: Base on Balls
Mathew Clayton scores
Edison Knight to third
Jim Norris to second
Batting: RHB Blake Davis 0-0: Ball
1-0: Ball
2-0: Ball
3-0: Base on Balls
Edison Knight scores
Jim Norris to third
Steve Bañuelos to second
Batting: RHB Andrew Miller 0-0: Called Strike
0-1: Ball
1-1: Ball
2-1: Ball
3-1: Called Strike
3-2: Base on Balls
Jim Norris scores
Steve Bañuelos to third
Blake Davis to second
Batting: RHB Alan Williams 0-0: Ground out 5-3 (Groundball, 56)
Top of the 1st over - 3 run(s), 0 hit(s), 0 error(s), 3 left on base; Bishop Amat HS 3 - Dublin Jerome HS 0
BOTTOM OF THE 1ST
Dublin Jerome HS Celtics batting - Pitching for Bishop Amat HS : RHP William Roy
Pitching: RHP William Roy
Batting: RHB David Silva 0-0: Called Strike
0-1: Ball
1-1: Swinging Strike
1-2: Foul Ball, location: 2F
1-2: Strikes out looking
Batting: RHB Cy Wilcox 0-0: Called Strike
0-1: Fly out, F9 (Flyball, 9S)
Batting: LHB Paul Holcomb 0-0: Ball
1-0: Called Strike
1-1: SINGLE (Groundball, 34D) (infield hit)
Pitching: RHP Michael Miller
Batting: RHB Pedro Polanco 0-0: Ball
1-0: SINGLE (Groundball, 3D)
Paul Holcomb to second
Runner from 2nd tries for 3rd, SAFE, no throw or cutoff
Batting: SHB Pete Jones 0-0: Called Strike
0-1: Ball
Single, Error in OF, E9, batter to second base
Paul Holcomb scores
Pedro Polanco to third
Batting: RHB Craig Hicks 0-0: Ground out 4-3 (Groundball, 4M)
Bottom of the 1st over - 1 run(s), 3 hit(s), 1 error(s), 2 left on base; Bishop Amat HS 3 - Dublin Jerome HS 1
TOP OF THE 2ND
Bishop Amat HS batting - Pitching for Dublin Jerome HS Celtics : RHP Kelly Woodside
Batting: RHB Lou Perry 0-0: Called Strike
0-1: Ground out 4-3 (Groundball, 4)
Batting: RHB Ben Martin 0-0: Ground out 6-3 (Groundball, 6M)
Batting: LHB Mathew Clayton 0-0: Ball
1-0: SINGLE (Groundball, 6MD) (infield hit)
Batting: RHB Edison Knight 0-0: Called Strike
0-1: Foul Ball, location: 2F
0-2: Ball
1-2: SINGLE (Groundball, 4M)
Mathew Clayton to second
Runner from 2nd tries for 3rd, SAFE, no throw or cutoff
Batting: RHB Jim Norris 0-0: Ball
Edison Knight steals 2nd base
1-0: Foul Ball, location: 2F
1-1: Ball
2-1: Fly out, F7 (Line Drive, 78M)
Top of the 2nd over - 0 run(s), 2 hit(s), 0 error(s), 2 left on base; Bishop Amat HS 3 - Dublin Jerome HS 1
BOTTOM OF THE 2ND
Dublin Jerome HS Celtics batting - Pitching for Bishop Amat HS : RHP Michael Miller
Batting: RHB Chris Curry 0-0: Ball
1-0: Ball
2-0: Called Strike
2-1: SINGLE (Groundball, 56D)
Batting: RHB Garrett Hinton 0-0: SINGLE (Groundball, 6M)
Chris Curry to second
Batting: LHB Dale González 0-0: Ball
1-0: Ball
2-0: Ball
3-0: Base on Balls
Chris Curry to third
Garrett Hinton to second
Batting: RHB David Silva 0-0: Ball
1-0: Foul Ball, location: 2F
1-1: Swinging Strike
1-2: Ball
2-2: Ball
3-2: Strikes out swinging
Batting: RHB Cy Wilcox 0-0: Called Strike
0-1: Ball
1-1: Ball
2-1: SINGLE (Groundball, 6MD)
Chris Curry scores
Garrett Hinton to third
Dale González to second
Runner from 3rd tries for Home, SAFE, throw made home
Dale González to third
Cy Wilcox to second
Batting: LHB Paul Holcomb 0-0: Ball
1-0: Foul Ball, location: 2F
1-1: Ground out U3 (Groundball, 3L)
Batting: RHB Pedro Polanco 0-0: Called Strike
0-1: Foul Ball, location: 2F
0-2: Fly out, F7 (Flyball, 78D)
Bottom of the 2nd over - 2 run(s), 3 hit(s), 0 error(s), 2 left on base; Bishop Amat HS 3 - Dublin Jerome HS 3
TOP OF THE 3RD
Bishop Amat HS batting - Pitching for Dublin Jerome HS Celtics : RHP Kelly Woodside
Batting: RHB Steve Bañuelos 0-0: Foul Ball, location: 2F
0-1: Ball
1-1: Foul Ball, location: 2F
1-2: SINGLE (Line Drive, 7LS)
Batting: RHB Blake Davis 0-0: Called Strike
0-1: Ball
1-1: Fly out, F8 (Flyball, 8RS)
Batting: RHB Andrew Miller 0-0: Ball
1-0: Foul Ball, location: 2F
1-1: Called Strike
1-2: Strikes out swinging
Batting: RHB Alan Williams 0-0: Ball
1-0: Ball
2-0: Called Strike
2-1: Called Strike
2-2: Foul Ball, location: 2F
2-2: Strikes out looking
Top of the 3rd over - 0 run(s), 1 hit(s), 0 error(s), 1 left on base; Bishop Amat HS 3 - Dublin Jerome HS 3
BOTTOM OF THE 3RD
Dublin Jerome HS Celtics batting - Pitching for Bishop Amat HS : RHP Michael Miller
Batting: SHB Pete Jones 0-0: Foul Ball, location: 2F
0-1: Ball
1-1: SOLO HOME RUN (Flyball, 9D), Distance : 379 ft
Batting: RHB Craig Hicks 0-0: Ball
1-0: Ball
2-0: Called Strike
2-1: Ball
3-1: Called Strike
3-2: Base on Balls
Batting: RHB Chris Curry 0-0: Ball
1-0: Called Strike
1-1: Swinging Strike
1-2: Foul Ball, location: 2F
1-2: Ball
2-2: Ball
3-2: Reached on error, E6 (Groundball, 6)
Craig Hicks to second
Batting: RHB Garrett Hinton 0-0: Foul Ball, location: 2F
0-1: Fly out, F8 (Flyball, 8LM)
Batting: LHB Dale González 0-0: Ball
1-0: Ball
2-0: Called Strike
2-1: Ball
3-1: SINGLE (Flyball, 7S)
Craig Hicks to third
Chris Curry to second
Pitching: RHP Jeffrey Lyons
Batting: RHB David Silva 0-0: GRAND SLAM HOME RUN (Flyball, 78XD), Distance : 418 ft
Batting: RHB Cy Wilcox 0-0: Foul Ball, location: 2F
0-1: Ball
1-1: Foul Ball, location: 2F
1-2: Ground out U3 (Groundball, 3)
Batting: LHB Paul Holcomb 0-0: Ball
1-0: Swinging Strike
1-1: Foul Ball, location: 2F
1-2: Strikes out swinging
Bottom of the 3rd over - 5 run(s), 3 hit(s), 1 error(s), 0 left on base; Bishop Amat HS 3 - Dublin Jerome HS 8
TOP OF THE 4TH
Bishop Amat HS batting - Pitching for Dublin Jerome HS Celtics : RHP Kelly Woodside
Batting: RHB Lou Perry 0-0: Ground out 4-3 (Groundball, 4)
Batting: RHB Ben Martin 0-0: Called Strike
0-1: Swinging Strike
0-2: Ball
1-2: Ground out 5-3 (Groundball, 56)
Batting: LHB Mathew Clayton 0-0: Ball
1-0: Ground out 4-3 (Groundball, 34)
Top of the 4th over - 0 run(s), 0 hit(s), 0 error(s), 0 left on base; Bishop Amat HS 3 - Dublin Jerome HS 8
BOTTOM OF THE 4TH
Dublin Jerome HS Celtics batting - Pitching for Bishop Amat HS : RHP Jeffrey Lyons
Batting: RHB Pedro Polanco 0-0: Ball
1-0: Foul Ball, location: 2F
1-1: Ball
2-1: Foul Ball, location: 2F
2-2: Ball
3-2: Base on Balls
Batting: SHB Pete Jones 0-0: Called Strike
0-1: 2-RUN HOME RUN (Flyball, 7LD), Distance : 360 ft
Batting: RHB Craig Hicks 0-0: Called Strike
0-1: Ball
1-1: Swinging Strike
1-2: Ground out 5-3 (Groundball, 5)
Batting: RHB Chris Curry 0-0: Ball
1-0: Ball
2-0: Foul Ball, location: 2F
2-1: Ball
3-1: Foul Ball, location: 2F
3-2: Foul Ball, location: 2F
3-2: Foul Ball, location: 2F
3-2: Foul Ball, location: 2F
3-2: Base on Balls
Batting: RHB Garrett Hinton 0-0: Grounds into double play, 1-6-3 (Groundball, 15)
Bottom of the 4th over - 2 run(s), 1 hit(s), 0 error(s), 0 left on base; Bishop Amat HS 3 - Dublin Jerome HS 10
TOP OF THE 5TH
Bishop Amat HS batting - Pitching for Dublin Jerome HS Celtics : RHP Kelly Woodside
Batting: RHB Edison Knight 0-0: Ball
1-0: SINGLE (Groundball, 15) (infield hit)
Pitching: LHP Greg Johnston
Batting: RHB Jim Norris 0-0: Called Strike
0-1: Foul Ball, location: 2F
0-2: Ball
1-2: Strikes out looking
Batting: RHB Steve Bañuelos 0-0: Ball
1-0: Foul Ball, location: 2F
1-1: Foul Ball, location: 2F
1-2: Strikes out swinging
Batting: RHB Blake Davis 0-0: Ball
1-0: Ball
2-0: Called Strike
2-1: DOUBLE (Line Drive, 7M)
Edison Knight to third
Batting: RHB Andrew Miller 0-0: Ball
1-0: Foul Ball, location: 2F
1-1: Ball
2-1: Ball
3-1: Base on Balls
Batting: RHB Alan Williams 0-0: Called Strike
0-1: Foul Ball, location: 2F
0-2: SINGLE (Line Drive, 6M)
Edison Knight scores
Blake Davis to third
Andrew Miller to second
Runner from 3rd tries for Home, SAFE, throw made home
Andrew Miller to third
Alan Williams to second
Batting: RHB Lou Perry 0-0: Called Strike
0-1: Ground out 3-1 (Groundball, 34)
Top of the 5th over - 2 run(s), 3 hit(s), 0 error(s), 2 left on base; Bishop Amat HS 5 - Dublin Jerome HS 10
BOTTOM OF THE 5TH
Dublin Jerome HS Celtics batting - Pitching for Bishop Amat HS : RHP Jeffrey Lyons
Batting: LHB Dale González 0-0: Ball
1-0: Foul Ball, location: 2F
1-1: Ball
2-1: Fly out, F6 (Popup, 6D)
Batting: RHB David Silva 0-0: Called Strike
0-1: Called Strike
0-2: Ball
1-2: Strikes out swinging
Batting: RHB Cy Wilcox 0-0: Ball
1-0: Hit by Pitch
Batting: LHB Paul Holcomb 0-0: Ball
1-0: Called Strike
1-1: Foul Ball, location: 2F
1-2: Fly out, F3 (Popup, 34)
Bottom of the 5th over - 0 run(s), 0 hit(s), 0 error(s), 1 left on base; Bishop Amat HS 5 - Dublin Jerome HS 10
TOP OF THE 6TH
Bishop Amat HS batting - Pitching for Dublin Jerome HS Celtics : LHP Greg Johnston
Batting: RHB Ben Martin 0-0: Swinging Strike
0-1: Ball
1-1: Foul Ball, location: 2F
1-2: Strikes out swinging
Batting: LHB Mathew Clayton 0-0: Ball
1-0: Ball
2-0: Ball
3-0: Called Strike
3-1: Base on Balls
Batting: RHB Edison Knight 0-0: Ball
1-0: Ball
2-0: Ball
3-0: Base on Balls
Mathew Clayton to second
Batting: RHB Jim Norris 0-0: Foul Ball, location: 2F
0-1: Ball
1-1: Ball
2-1: Swinging Strike
2-2: Ground out 6-3 (Groundball, 6S)
Mathew Clayton to third
Edison Knight to second
Batting: RHB Steve Bañuelos 0-0: Called Strike
0-1: Called Strike
0-2: Strikes out swinging
Top of the 6th over - 0 run(s), 0 hit(s), 0 error(s), 2 left on base; Bishop Amat HS 5 - Dublin Jerome HS 10
BOTTOM OF THE 6TH
Dublin Jerome HS Celtics batting - Pitching for Bishop Amat HS : RHP Jeffrey Lyons
Batting: RHB Pedro Polanco 0-0: Foul Ball, location: 2F
0-1: Called Strike
0-2: Ball
1-2: Ball
2-2: Ball
3-2: Foul Ball, location: 2F
3-2: Base on Balls
Pitching: RHP Paul Young
Batting: SHB Pete Jones 0-0: Ball
1-0: Ball
2-0: Ball
3-0: Base on Balls
Pedro Polanco to second
Batting: RHB Craig Hicks 0-0: Called Strike
0-1: SINGLE (Line Drive, 9S)
Pedro Polanco to third
Pete Jones to second
Batting: RHB Chris Curry 0-0: SINGLE (Groundball, 3S)
Pedro Polanco scores
Pete Jones to third
Craig Hicks to second
Batting: RHB Garrett Hinton 0-0: Called Strike
0-1: Ball
1-1: Ball
2-1: Called Strike
2-2: Foul Ball, location: 2F
2-2: Strikes out swinging
Batting: LHB Dale González 0-0: Called Strike
0-1: DOUBLE (Line Drive, 78D)
Pete Jones scores
Craig Hicks scores
Chris Curry to third
Batting: RHB David Silva 0-0: SINGLE (Groundball, 4M)
Chris Curry scores
Dale González to third
Batting: RHB Cy Wilcox 0-0: Called Strike
0-1: Called Strike
0-2: Foul Ball, location: 2F
0-2: Ball
1-2: Strikes out swinging
Batting: LHB Paul Holcomb 0-0: Foul Ball, location: 2F
0-1: Ball
1-1: Foul Ball, location: 2F
1-2: Foul Ball, location: 2F
1-2: Ball
2-2: Ball
3-2: Fly out, F9 (Flyball, 9LM)
Bottom of the 6th over - 4 run(s), 4 hit(s), 0 error(s), 2 left on base; Bishop Amat HS 5 - Dublin Jerome HS 14
TOP OF THE 7TH
Bishop Amat HS batting - Pitching for Dublin Jerome HS Celtics : LHP Greg Johnston
Pitching: RHP Javier Valdés
Batting: RHB Blake Davis 0-0: SINGLE (Flyball, 6D)
Batting: RHB Andrew Miller 0-0: Ball
1-0: Called Strike
1-1: Foul Ball, location: 2F
1-2: Strikes out swinging
Batting: RHB Alan Williams 0-0: Ball
1-0: Ball
2-0: Foul Ball, location: 2F
2-1: Called Strike
2-2: Fly out, F6 (Popup, 56D)
Batting: RHB Lou Perry 0-0: Ball
1-0: Ball
2-0: Swinging Strike
2-1: Ball
3-1: Called Strike
3-2: Strikes out looking
Top of the 7th over - 0 run(s), 1 hit(s), 0 error(s), 1 left on base; Bishop Amat HS 5 - Dublin Jerome HS 14
BOTTOM OF THE 7TH
Dublin Jerome HS Celtics batting - Pitching for Bishop Amat HS : RHP Paul Young
Batting: RHB Pedro Polanco 0-0: Fly out, F5 (Popup, 2L)
Batting: SHB Pete Jones 0-0: Foul Ball, location: 2F
0-1: Ball
1-1: Ball
2-1: Foul Ball, location: 2F
2-2: Strikes out swinging
Batting: RHB Craig Hicks 0-0: Ball
1-0: Fly out, F7 (Flyball, 7M)
Bottom of the 7th over - 0 run(s), 0 hit(s), 0 error(s), 0 left on base; Bishop Amat HS 5 - Dublin Jerome HS 14
TOP OF THE 8TH
Bishop Amat HS batting - Pitching for Dublin Jerome HS Celtics : RHP Javier Valdés
Now at 1B: Brian Jackson
Batting: RHB Ben Martin 0-0: Fly out, F8 (Flyball, 8RM)
Batting: LHB Mathew Clayton 0-0: Called Strike
0-1: Reached on error, E1 (Groundball, 25)
Batting: RHB Edison Knight 0-0: Ball
1-0: Called Strike
1-1: Foul Ball, location: 2F
1-2: SINGLE (Line Drive, 7S)
Mathew Clayton to third
Batting: RHB Jim Norris 0-0: Swinging Strike
0-1: Ball
1-1: Foul Ball, location: 2F
1-2: Ball
2-2: Strikes out swinging
Batting: RHB Steve Bañuelos 0-0: Called Strike
0-1: Foul Ball, location: 2F
0-2: Foul Ball, location: 2F
0-2: Strikes out swinging
Top of the 8th over - 0 run(s), 1 hit(s), 1 error(s), 2 left on base; Bishop Amat HS 5 - Dublin Jerome HS 14
BOTTOM OF THE 8TH
Dublin Jerome HS Celtics batting - Pitching for Bishop Amat HS : RHP Paul Young
Pitching: RHP Ryan Younger
Batting: RHB Chris Curry 0-0: Ball
1-0: Foul Ball, location: 2F
1-1: Swinging Strike
1-2: Ball
2-2: Ball
3-2: Ground out 4-3 (Groundball, 4)
Batting: RHB Garrett Hinton 0-0: Foul Ball, location: 2F
0-1: Ground out 6-3 (Groundball, 56S)
Batting: LHB Dale González 0-0: Swinging Strike
0-1: Foul Ball, location: 2F
0-2: Strikes out swinging
Bottom of the 8th over - 0 run(s), 0 hit(s), 0 error(s), 0 left on base; Bishop Amat HS 5 - Dublin Jerome HS 14
TOP OF THE 9TH
Bishop Amat HS batting - Pitching for Dublin Jerome HS Celtics : RHP Javier Valdés
Batting: RHB Blake Davis 0-0: Called Strike
0-1: Ground out 6-3 (Groundball, 6M)
Batting: RHB Andrew Miller 0-0: Ground out 6-3 (Groundball, 6)
Batting: RHB Alan Williams 0-0: Foul Ball, location: 2F
0-1: Foul Ball, location: 2F
0-2: Foul Ball, location: 2F
0-2: Ball
1-2: Strikes out swinging
Top of the 9th over - 0 run(s), 0 hit(s), 0 error(s), 0 left on base; Bishop Amat HS 5 - Dublin Jerome HS 14
Monday, December 5th, 2016 - OOTP Baseball 17.12 Build 75